 Dungeon Crawl Stone Soup version 0.29.1-12-g30fa7ad0bf (webtiles) character file.

Game seed: 7148757368680113227

39 cheesebisquit the Shield-Bearer (level 3, -2/36 HPs)
             Began as a Troll Fighter on Jan 17, 2023.
             Slain by a gnoll
             ... wielding a +0 flail
              (8 damage)
             ... on level 2 of the Dungeon.
             The game lasted 00:02:27 (875 turns).

cheesebisquit the Shield-Bearer (Troll Fighter)      Turns: 875, Time: 00:02:27

Health: -2/36      AC:  4    Str: 24    XL:     3   Next: 28%
Magic:  2/2        EV:  8    Int:  6    God:
Gold:   73         SH:  7    Dex:  9    Spells: 2/2 levels left

rFire   . . .      SeeInvis .     - Unarmed
rCold   . . .      Faith    .   b - +0 kite shield
rNeg    . . .      Spirit   .   a - +0 robe
rPois   .          Reflect  .   (helmet restricted)
rElec   .          Harm     .   (no cloak)
rCorr   .          Rampage  .   (gloves unavailable)
Will    .....                   (boots unavailable)
Stlth   +.........              (no amulet)
HPRegen 0.92/turn               (no ring)
MPRegen 0.08/turn               (no ring)

@: no status effects
A: large, unfitting armour, claws 3, regeneration 1, shaggy fur 1, tough skin 1
a: no special abilities


You were on level 2 of the Dungeon.
You visited 1 branch of the dungeon, and saw 2 of its levels.

You collected 73 gold pieces.

Inventory:

Armour
 a - a +0 robe (worn)
 b - a +0 kite shield (worn)
Scrolls
 d - 3 scrolls of teleportation {unknown}
 e - a scroll of immolation {unknown}
 h - a scroll of identify {unknown}
Potions
 c - 2 potions of might
 f - a potion of cancellation {unknown}
 g - a potion of curing {unknown}


   Skills:
 + Level 2.7 Fighting
 - Level 2.5 Dodging
 + Level 3.0 Shields
 * Level 2.8 Unarmed Combat


You had 2 spell levels left.
You didn't know any spells.
Your spell library was empty.

Dungeon Overview and Level Annotations

Branches:
Dungeon (2/15)

Altars:


Innate Abilities, Weirdness & Mutations

You are too large for most types of armour.
You have claws for hands.
Your natural rate of healing is unusually fast.
You are covered in fur. (AC +1)
You have tough skin. (AC +1)


Message History

You see here a frilled lizard corpse.
Found a spear.
You see here a +0 spear.
You see here a +0 spear.
There is a stone staircase leading down here.
A gnoll comes into view. It is wielding a +0 halberd.
A gnoll comes into view. It is wielding a +0 spear.
The gnoll shouts!
A gnoll comes into view. It is wielding a +0 flail.
The gnoll hits you with a +0 halberd!
The gnoll shouts!
You scratch the gnoll.
The gnoll is moderately wounded.
You scratch the gnoll.
The gnoll is severely wounded.
You block the gnoll's attack.
You barely miss the gnoll.
The gnoll is severely wounded.
You block the gnoll's attack. x2
You claw the gnoll!
You kill the gnoll!
The gnoll hits you from afar with a +0 spear.
You block the gnoll's attack. The gnoll hits you with a +0 flail.
A worm comes into view.
You scratch the gnoll.
The gnoll is lightly wounded.
The gnoll hits you with a +0 flail! You block the gnoll's attack.
You completely miss the gnoll.
The gnoll is lightly wounded.
You block the gnoll's attack. The gnoll hits you with a +0 spear.
You claw the gnoll!
The gnoll is almost dead.
The gnoll hits you with a +0 flail. The gnoll hits you with a +0 spear!
* * * LOW HITPOINT WARNING * * *
The gnoll attacks as you move away! The gnoll barely misses you.
The gnoll hits you from afar with a +0 spear.
* * * LOW HITPOINT WARNING * * *
The gnoll barely misses you. The gnoll attacks as you move away!
The gnoll hits you with a +0 flail!
You die...

#.#.†.#####.#..
#.###.....#.#.. #..
#.......#.#.#.. ...# ####
#######.#.#.#<÷ .... ...
#...#.#.# ###..###.###
#####.... ..........
##..#
#.#.#.w###############.##
#.....#g@<..............#
###.)...#.############..#
#.#...#... ..........#
#.#...############..### #
##...................
#...#########..#####
#.#......##...####
...######...>.....# #####
#########.#


You could see a worm and a gnoll.

Vanquished Creatures
  A gnoll (D:2)
  3 ball pythons
  3 endoplasms
  5 hobgoblins (D:1)
  2 jackals (D:2)
  A quokka (D:2)
  4 bats
  2 frilled lizards
  3 kobolds
  A rat (D:1)
25 creatures vanquished.

Notes
Turn   | Place    | Note
-------+----------+-------------------------------------------
     0 | D:1      | cheesebisquit the Troll Fighter began the quest for the
                  | Orb.
     0 | D:1      | Reached XP level 1. HP: 22/22 MP: 0/0
    30 | D:1      | Found a faded altar of an unknown god.
   286 | D:1      | Reached XP level 2. HP: 29/29 MP: 1/1
   613 | D:2      | Reached skill level 3 in Shields
   796 | D:2      | Reached XP level 3. HP: 36/36 MP: 2/2
   875 | D:2      | Slain by a gnoll

Illustrated notes

Levels and vault maps discovered:
D:1:      ebering_trefoil_3fold, layout_basic, shapermc_ecumenical_altar_petra
D:2:      layout_basic

Skill      XL: |  1  2 |
---------------+-------+-----
Shields        | 3 |  3.0
Fighting       | |  2.7
Dodging        | |  2.5
Unarmed Combat | |  2.8

Action                   || total
-------------------------++-------
Melee: Unarmed           ||    52
Armor: Robe              ||    13
Dodge: Dodged            ||    17
Block: Kite shield       ||    19
